Cogmind - Beta 14 @@@ ROGUE MODE // 2024.08.16 @ 22:19:07 Player: Sgt. SmokeWeed Result: Self-destructed Performance ------------- Evolutions (2) 1000 Regions Visited (5) 1000 Robots Destroyed (25) 125 Value Destroyed (663) 663 Prototype IDs (23) 460 Alien Tech Used (0) 0 Bonus (300) 300 TOTAL SCORE: 3548 Bonus ------- Aligned with FarCom 300 Cogmind --------- Core Integrity 538/550 Matter 268/300 Energy 150/160 System Corruption 0% Temperature Cool (0) Movement Treading (160) Location -8/Materials Parts ------- > --- POWER (1) -------- Light Nuclear Core > --- PROPULSION (2) --- Light Treads > --- UTILITY (4) ------ Hacking Suite Hacking Suite Hacking Suite > --- WEAPON (4) ------- Makeshift Shrapnel Gun Rocket Launcher > --- INVENTORY (5) ---- Particle Gun Light Cannon Peak State ------------ > --- POWER ------------ Light Nuclear Core > --- PROPULSION ------- Light Treads Light Treads > --- UTILITY ---------- Hacking Suite Hacking Suite Hacking Suite System Shield > --- WEAPON ----------- Makeshift Shrapnel Gun AWS/Gauss Rocket Launcher > --- INVENTORY -------- Particle Gun Light Cannon [Rating: 39] Favorites ----------- Power Ion Engine Engine Ion Engine Power Core Light Nuclear Core Propulsion Light Treads Treads Light Treads Utility Hacking Suite Hackware Hacking Suite Weapon Medium Laser Energy Gun Medium Laser Ballistic Gun AWS/Gauss Ballistic Cannon Light Cannon Launcher Rocket Launcher Build | -11 -10 -10 -10 -9 -8 ------- Run | Yrd Mat Min Exi Min Mat Slots Evolved 4 | . . . . . 4 Power . | . . . . . . Propulsion . | . . . . . . Utility 2 | . . . . . 2 Weapon 2 | . . . . . 2 Parts Attached 18 | 5 6 2 1 . 4 Power 2 | 1 . 1 . . . Engine 1 | 1 . . . . . Core 1 | . . 1 . . . Reactor . | . . . . . . Propulsion 3 | 2 1 . . . . Treads 3 | 2 1 . . . . Leg . | . . . . . . Wheel . | . . . . . . Hover . | . . . . . . Flight . | . . . . . . Utility 4 | . 2 . . . 2 Device . | . . . . . . Storage . | . . . . . . Processor . | . . . . . . Hackware 4 | . 2 . . . 2 Protection . | . . . . . . Artifact . | . . . . . . Weapon 9 | 2 3 1 1 . 2 Energy Gun 4 | 1 2 1 . . . Energy Cannon . | . . . . . . Ballistic Gun 3 | 1 . . 1 . 1 Ballistic Cannon 1 | . 1 . . . . Launcher 1 | . . . . . 1 Special Weapon . | . . . . . . Impact Weapon . | . . . . . . Slashing Weapon . | . . . . . . Piercing Weapon . | . . . . . . Special Melee Weapon . | . . . . . . Unidentified Prototypes . | . . . . . . Parts Lost 2 | . . . . . 2 Power . | . . . . . . Propulsion 1 | . . . . . 1 Utility 1 | . . . . . 1 Weapon . | . . . . . . Highest Loss Streak 2 | . . . . . 2 To Critical Strikes . | . . . . . . Average Slot Usage (%) 86 | . 81 100 92 85 74 Engine 8 | . 14 9 . . . Core 5 | . . 4 14 14 9 Treads 26 | . 28 28 28 28 11 Hackware 19 | . 10 28 28 28 27 Energy Gun 13 | . 21 14 7 . . Ballistic Gun 6 | . 5 . 6 14 18 Ballistic Cannon 4 | . 1 14 7 . . Peak Build Rating 39 | 5 11 14 27 27 39 Average Rating 14 | 4 7 12 19 27 35 On Entrance 14 | . 5 11 14 27 27 Naked Turns . | . . . . . . Heaviest Build 21 | 9 10 11 15 15 21 Greatest Support 40 | 40 40 40 40 40 40 Greatest Overweight (x) 2 | 2 . . . . 1 Average Overweight (x) . | . . . . . . Largest Inventory Capacity 5 | 5 5 5 5 5 5 Average Capacity 5 | 5 5 5 5 5 5 Most Carried 4 | . 1 3 2 4 3 Average Carried . | . . 1 . 2 2 Final Capacity 5 | 5 5 5 5 5 5 Final Carried 4 | . 1 2 2 4 2 Class Distribution -------------------- 46% | Mutant 31% | Hacker-Mutant 12% | Scavenger-Mutant 9% | Hacker-Skirmisher Dominant Class ---------------- Mutant | -10/Materials Hacker-Mutant | -10/Mines Scavenger-Mutant | -10/Exiles Hacker-Mutant | -9/Mines Hacker-Skirmisher | -8/Materials Resources | -11 -10 -10 -10 -9 -8 ----------- Run | Yrd Mat Min Exi Min Mat Matter Collected 521 | 183 165 86 . 20 67 Remotely . | . . . . . . Salvage Created 684 | . 208 163 . 127 186 Parts 42 | . 13 16 . 4 9 Haulers Intercepted 1 | . 1 . . . . Recyclers Shooed 1 | . 1 . . . . Parts Field Recycled . | . . . . . . Retrieved Matter . | . . . . . . Parts Self-Destructed . | . . . . . . Prevented . | . . . . . . Kills | -11 -10 -10 -10 -9 -8 ------- Run | Yrd Mat Min Exi Min Mat Combat Hostiles Destroyed 19 | . 4 7 . 3 5 Guns 9 | . 4 2 . 3 . Cannons 5 | . . 5 . . . AOE 5 | . . . . . 5 Classes Destroyed 7 | . 5 1 . 1 . Hauler 1 | . 1 . . . . Recycler 1 | . . 1 . . . Operator 2 | . 2 . . . . Watcher 2 | . 1 . . . 1 Swarmer 7 | . 2 5 . . . Grunt 10 | . 2 2 . 2 4 Duelist 2 | . . . . 1 1 Best Kill Streak 3 | . 2 3 . 3 3 Combat Bots Only 3 | . 2 3 . 3 3 Max Kills in Single Turn 3 | . 1 1 . 1 3 Gunslinging . | . . . . . . Exploded 3 | . . . . . 3 Melee . | . . . . . . Uniques/NPCs Destroyed . | . . . . . . Combat | -11 -10 -10 -10 -9 -8 -------- Run | Yrd Mat Min Exi Min Mat Hostile Shots Fired 86 | . 34 33 . 2 17 Missed 25 | . 16 5 . . 4 Damage Taken 652 | . 177 240 . 41 194 Core 82 | . 29 41 . . 12 Absorbed by Shields . | . . . . . . Core Remaining (%) 86 | 100 . . . 72 . Volleys Fired 53 | . 32 16 . . 5 Largest 2 | . 2 2 . . 2 Hottest 100 | . 100 100 . . 57 Shots Fired 131 | . 62 32 . 16 21 Gun 109 | . 60 16 . 16 17 Cannon 18 | . 2 16 . . . Launcher 4 | . . . . . 4 Special . | . . . . . . Kinetic 68 | . 19 16 . 16 17 Thermal 59 | . 43 16 . . . Explosive 4 | . . . . . 4 Electromagnetic . | . . . . . . Robot Hit Streak 18 | . 4 5 . 18 2 Robot Miss Streak 7 | . 5 5 . . 7 Penetration Max . | . . . . . . Secondary Targets 1 | . 1 . . . . Max Gunslinging Chain 1 | . 1 . . . . Autonomous 29 | . . . . 16 13 Shots Hit Robots 76 | . 35 15 . 16 10 Core Hits 46 | . 14 10 . 4 18 Critical Kills . | . . . . . . Critical Parts Destroyed 1 | . . . . 1 . Critical Strikes 6 | . 4 1 . 1 . Burn 5 | . 4 1 . . . Destroy 1 | . . . . 1 . Melee Attacks . | . . . . . . Impact . | . . . . . . Slashing . | . . . . . . Piercing . | . . . . . . Sneak Attacks . | . . . . . . Combat Hostiles . | . . . . . . Follow-up Attacks . | . . . . . . Damage Inflicted 1914 | . 475 235 . 457 747 Guns 1312 | . 451 80 . 457 324 Cannons 174 | . 19 155 . . . Explosions 423 | . . . . . 423 Melee . | . . . . . . Ramming 5 | . 5 . . . . Kinetic 1096 | . 160 155 . 457 324 Thermal 390 | . 310 80 . . . Explosive 423 | . . . . . 423 Electromagnetic . | . . . . . . Impact . | . . . . . . Slashing . | . . . . . . Piercing . | . . . . . . Highest Corruption . | . . . . . . Average Corruption . | . . . . . . Corruption Purged . | . . . . . . Corruption Blocked . | . . . . . . Overload Shots . | . . . . . . Overflow Damage 18 | . . . . . 18 Projectiles . | . . . . . . Explosions 18 | . . . . . 18 Melee . | . . . . . . Knockbacks 1 | . . 1 . . . Impact . | . . . . . . Kinetic 1 | . . 1 . . . Secondary . | . . . . . . Self-Inflicted Damage . | . . . . . . Shots . | . . . . . . Rammed 4 | . 4 . . . . Targets Rammed 4 | . 4 . . . . Kicked . | . . . . . . Crushed . | . . . . . . Highest Temperature 213 | . 213 144 . . 39 Average Temperature 61 | . 63 62 . . 19 Received Heat Transfer 201 | . 60 27 . 6 108 Siege Activations . | . . . . . . Robots Corrupted . | . . . . . . Combat Hostiles . | . . . . . . Parts Fried . | . . . . . . Impact Corruptions . | . . . . . . Robots Melted 1 | . 1 . . . . Combat Hostiles . | . . . . . . Parts Melted 4 | . 3 1 . . . Heat Transferred 1517 | . 1221 296 . . . Parts Sabotaged . | . . . . . . Parts Stolen . | . . . . . . Parts Stripped . | . . . . . . Power Chain Reactions . | . . . . . . Alert | -11 -10 -10 -10 -9 -8 ------- Run | Yrd Mat Min Exi Min Mat Peak Influence 248 | . 138 248 . 74 221 Initial 28 | . . 13 . . 28 Average 61 | . 26 165 . 11 106 Maximum Alert Level 1 | . . 1 . . 1 Low Security (%) 90 | 100 100 57 . 100 95 Level 1 9 | . . 42 . . 4 Level 2 . | . . . . . . Level 3 . | . . . . . . Level 4 . | . . . . . . Level 5 . | . . . . . . High Security . | . . . . . . Max Security . | . . . . . . Squads Dispatched 2 | . 2 . . . . Investigation . | . . . . . . Extermination . | . . . . . . Reinforcement 2 | . 2 . . . . Assault . | . . . . . . Garrison . | . . . . . . Intercept . | . . . . . . Searches Triggered . | . . . . . . Construction Impeded . | . . . . . . Haulers Reinforced . | . . . . . . Active Scanning Responses . | . . . . . . Cargo Convoy Interrupts . | . . . . . . Stealth | -11 -10 -10 -10 -9 -8 --------- Run | Yrd Mat Min Exi Min Mat Distress Signals . | . . . . . . Communications Jammed . | . . . . . . Distress Signals . | . . . . . . Times Spotted 34 | . 13 8 . 3 10 Peak Tracking Total 4 | . 3 3 . 3 4 Tactical Retreats 1 | . . 1 . . . Traps | -11 -10 -10 -10 -9 -8 ------- Run | Yrd Mat Min Exi Min Mat Traps Triggered . | . . . . . . Indirectly . | . . . . . . Trap Hack Attempts . | . . . . . . Triggered . | . . . . . . Disarmed . | . . . . . . Reprogrammed . | . . . . . . Reused . | . . . . . . Traps Extracted . | . . . . . . Installed . | . . . . . . Triggered . | . . . . . . Machines | -11 -10 -10 -10 -9 -8 ---------- Run | Yrd Mat Min Exi Min Mat Machines Disabled 1 | . 1 . . . . Max in Single Turn 1 | . 1 . . . . Machines Repaired . | . . . . . . Machines Dismantled . | . . . . . . Machines Sabotaged . | . . . . . . Overloaded Fab Kills . | . . . . . . Hacking | -11 -10 -10 -10 -9 -8 --------- Run | Yrd Mat Min Exi Min Mat Machines Accessed 5 | . 3 . 1 . 1 Terminals 4 | . 3 . . . 1 Fabricators . | . . . . . . Repair Stations . | . . . . . . Recycling Units . | . . . . . . Scanalyzers . | . . . . . . Garrison Access . | . . . . . . Total Hacks 9 | . 4 . 1 . 4 Successful 4 | . 2 . 1 . 1 Failed 5 | . 2 . . . 3 Catastrophic 1 | . 1 . . . . Database Lockouts . | . . . . . . Manual 7 | . 2 . 1 . 4 Terminals 8 | . 4 . . . 4 Fabricators . | . . . . . . Repair Stations . | . . . . . . Recycling Units . | . . . . . . Scanalyzers . | . . . . . . Garrison Access . | . . . . . . Terminal Hacks 4 | . 2 . 1 . 1 Level Access Points 1 | . . . . . 1 Branch Access Points 1 | . 1 . . . . Locate Traps 1 | . 1 . . . . Derelict Proto ID Bank 1 | . . . 1 . . Fabricator Hacks . | . . . . . . Repair Station Hacks . | . . . . . . Recycling Unit Hacks . | . . . . . . Scanalyzer . | . . . . . . Garrison Access Hacks . | . . . . . . Unauthorized Hacks . | . . . . . . Terminals . | . . . . . . Fabricators . | . . . . . . Repair Stations . | . . . . . . Recycling Units . | . . . . . . Scanalyzers . | . . . . . . Garrison Access . | . . . . . . Data Cores Recovered . | . . . . . . Used . | . . . . . . Hacking Detections 3 | . 2 . . . 1 Full Trace Events . | . . . . . . Feedback Events . | . . . . . . Feedback Blocked . | . . . . . . Robot Schematics Acquired . | . . . . . . Robots Built . | . . . . . . Authchips . | . . . . . . Time . | . . . . . . Total Robot Build Rating . | . . . . . . Part Schematics Acquired . | . . . . . . Parts Built . | . . . . . . Authchips . | . . . . . . Time . | . . . . . . Total Part Build Rating . | . . . . . . Parts Repaired . | . . . . . . Time . | . . . . . . Parts Recycled . | . . . . . . Recycled Matter . | . . . . . . Retrieved Matter . | . . . . . . Retrieved Components . | . . . . . . Parts Scanalyzed . | . . . . . . Part Schematics Acquired . | . . . . . . Parts Damaged . | . . . . . . Bothacking | -11 -10 -10 -10 -9 -8 ------------ Run | Yrd Mat Min Exi Min Mat Used RIF Installer . | . . . . . . Robots Hacked . | . . . . . . Non-combat . | . . . . . . Combat . | . . . . . . Robot Hacks Applied . | . . . . . . Relay Couplers Released . | . . . . . . Fabnet Peak Effective % . | . . . . . . Robots Rewired . | . . . . . . Allies Hacked . | . . . . . . Hacks Repelled . | . . . . . . Allies | -11 -10 -10 -10 -9 -8 -------- Run | Yrd Mat Min Exi Min Mat Total Allies . | . . . . . . Largest Group . | . . . . . . Highest-Rated Group . | . . . . . . Highest-Rated Ally . | . . . . . . Total Orders . | . . . . . . Ally Attacks . | . . . . . . Total Damage . | . . . . . . Kills . | . . . . . . Allies Corrupted . | . . . . . . Allies Melted . | . . . . . . Intel | -11 -10 -10 -10 -9 -8 ------- Run | Yrd Mat Min Exi Min Mat Robot Analysis Total . | . . . . . . Derelict Logs Recovered 1 | . . 1 . . . Drone Launches . | . . . . . . Drone Recoveries . | . . . . . . Exploration | -11 -10 -10 -10 -9 -8 ------------- Run | Yrd Mat Min Exi Min Mat Turns Passed 2233 | 49 1021 380 345 216 222 Spaces Moved 1240 | 30 568 206 214 127 95 Core 9 | 9 . . . . . Treads 1231 | 21 568 206 214 127 95 Legs . | . . . . . . Wheels . | . . . . . . Hover . | . . . . . . Flight . | . . . . . . Fastest Speed 50 | 50 160 160 160 160 160 Average Speed 163 | 138 160 160 160 160 212 Slowest Speed 240 | 160 160 160 160 160 240 Overloaded Moves . | . . . . . . Propulsion Burnouts . | . . . . . . Robots Hopped . | . . . . . . Cave-ins Triggered . | . . . . . . Exploration Rate (%) 35 | 3 59 44 61 30 18 Regions Visited 5 Branch Regions 3 Pre-discovered Areas . | . . . . . . Known Exits Taken 1 | . 1 . . . . Unknown Exits Taken 4 | 1 . 1 1 1 . Scrap Searched 2 | . . 1 . 1 . Spaces Dug . | . . . . . . Terrain Destroyed 49 | . . . . 7 42 Melee . | . . . . . . Projectile 17 | . . . . 7 10 AOE 32 | . . . . . 32 Terrain Rammed . | . . . . . . Walls Destroyed . | . . . . . . Machines Disabled . | . . . . . . Actions | -11 -10 -10 -10 -9 -8 --------- Run | Yrd Mat Min Exi Min Mat Total 1338 | 35 615 224 218 140 106 Wait 13 | 1 2 . . 10 . Move 1235 | 29 567 205 213 126 95 Hop . | . . . . . . Pick Up 4 | . . . . 3 1 Fast Attach 11 | 5 4 . 1 . 1 Attach 3 | . . . . . 3 Detach 3 | . 1 . 2 . . Swap 4 | . 2 2 . . . Drop 8 | . 3 1 2 1 1 Fire 53 | . 32 16 . . 5 Melee . | . . . . . . Ram . | . . . . . . Kick . | . . . . . . Crush 4 | . 4 . . . . Escape Stasis . | . . . . . . Rewire . | . . . . . . Trap . | . . . . . . Miscellaneous . | . . . . . . Route ------- -11/Scrapyard -10/Materials (discovered 2 exits: [*Mat] / *Min) -10/Mines -10/Exiles -9/Mines -8/Materials (discovered 3 exits: Fac x3) History --------- Turn | Location | Event 4 | -11/Scrapyard | Discovered new exit (range 16) 50 | -11/Scrapyard | Entered Materials 194 | -10/Materials | Identified exit to Mines 317 | -10/Materials | Build established: Mutant 453 | -10/Materials | Discovered new exit (range 9) 1071 | -10/Materials | Entered Mines 1139 | -10/Mines | Learned Materials terminal intel 1345 | -10/Mines | Build established: Hacker-Mutant 1443 | -10/Mines | Deemed a non-threat by the Exiles lab entrance 1445 | -10/Mines | Discovered new exit (range 5) 1451 | -10/Mines | Entered Exiles 1492 | -10/Exiles | Met 8R-AWN 1520 | -10/Exiles | Met EX-HEX 1563 | -10/Exiles | Met EX-BIN 1590 | -10/Exiles | Aligned with FarCom system 1592 | -10/Exiles | Given EX-Vault access code 1630 | -10/Exiles | Opened EX-Vault 1639 | -10/Exiles | Found AWS/Gauss 1674 | -10/Exiles | Warned to stay clear of 0b10 Research branches 1721 | -10/Exiles | Met EX-DEC 1775 | -10/Exiles | Discovered new exit (range 14) 1796 | -10/Exiles | Left Exiles lab with AWS/Gauss 1796 | -10/Exiles | Entered Mines 1822 | -9/Mines | Met a Derelict bent on vengeance 1893 | -9/Mines | Found DCF Scrap (12 items) 1969 | -9/Mines | Discovered new exit (range 7) 1987 | -9/Mines | A weapon hastily lodged in a ceiling crevice suddenly fell to the ground 2012 | -9/Mines | Entered Materials 2012 | -8/Materials | Evolved 4 slots: Utility x2, Weapon x2 2013 | -8/Materials | Loaded intel: 12 terminal locations 2201 | -8/Materials | Identified exit to Factory 2223 | -8/Materials | AWS/Gauss suddenly broke down 2234 | -8/Materials | Self-destructed Last Messages --------------- R-06 Scavenger collects Lgt. Nuclear Core. K-01 Serf collects debris. Connecting with Terminal... Current location identified: Materials >>Access(Main) Found 3 level access points to Factory: (50,87) (44,10) (11,45) Map updated. K-01 Serf collects debris. Slug penetrates L-31 Rogue. Slug penetrates G-47 Trooper. AWS/Gauss suddenly breaks down. L-31 Rogue destroyed. G-47 Trooper destroyed. Destroyed Lgt. Nuclear Core. U-05 Engineer lays Concrete. Dropped Broken AWS/Gauss. U-05 Engineer lays Concrete. Map ----- +----------------------------------------------------+ | ?????????????????????????????????????????????????? | | ???????????????????????????????????????????????### | | ???????????????????????????????????????????????#"# | | ???????????????????????????????????????????????#= | | ?????????????????????????????????#######+####### | | ?????????????????????????????????? | | ????????????????????????????????????# | | ????????????????????????????????????# % | | ???????????????????????????????????###+##### +* | | ???????????????????????????"??????# # #% | | ?????????????????????????? "R?????# """"" # !%# ! | | ?????????????????????????? "??????# """"" # =### | | ?????????????????????????" ??????# """"" " # | | ?????????????????????????" ??????# + ### | | ??????????????########???" ???????# ! # #?# | | ??????????????# #??? ???????# " " # #?# | | ??????????????# T #??#+#???????# "R" # #?? | | ??????????????# #??# #???????# """ # #?? | | ??????????????# #### ##############+### ### | | ??????????????# + | | ??????????????# ## | | ???????????u # ## """ | | ?????????? ### """ #####+######### | | ????????? [%= """ #?? ??????? | | ????????? Y=* % + ????? | | ????????? gu t @r # """" #???? | | ?????????? #####+## """ # """" #???? | | ??????????? # ????????" ?# """ # """" #???? | | ??????????????????????Y" ?# """ # #???? | | ????????????????????? ?# # != #???? | | ????????????????????? ??# # == ?????? | | ???????????????????? ??# """ #######???????? | | ???????????????????# ??# """ #?????????????? | | ????????????????????####??# "?" "?????????????? | | ??????????????????????????# ?? T?????????????? | | ?????????""???????????????? ??? "?????????????? | | ?????????T??????????????????????? ??????????????? | | ?????????????????????????????????????????????????? | | ??????????????????????????????????g??????????????? | | ?????????????????????????????????gg??????????????? | | ???????????????????????????""????????????????????? | | ???????????????????????????""????????????????????? | | ?????????????????????Y?????"T????????????????????? | | ???????????????????????????""????????????????????? | | ???????????????????????????""????????????????????? | | ?????????????????????????????????????????????????? | | ?????????????????????????????????????????????????? | | ?????????????????????????????????????????????????? | | ?????????????????????????????????????????????????? | | ?????????????????????????????????????????????????? | +----------------------------------------------------+ Best States ------------- Heat Dissipation 31 Energy Generation 14 Energy Capacity 250 Matter Stores 300 Matter Capacity 300 Sight Range 16 Terrain Scan Density 10 Evasion (%) 40 Recoil Reduction 2 Offensive Hacking 30 Defensive Hacking 10 Item Schematics ----------------- None Robot Schematics ------------------ None Fabricated ------------ Nothing Alien Tech Used ----------------- None Achievements -------------- None Challenges ------------ None Game ------ Seed AmuletMetaCycler Manual? 0 Play Time 00:10:01 Cumulative 75.6 hours Start 2024.08.16 @ 22:10:35 End 2024.08.16 @ 22:19:07 Sessions 1 Manual Loads 0 Difficulty Rogue Special Mode None Game No. 188 Rogue 113 Adventurer 75 Explorer 0 Win Type - Total 0 Types 0/0/0/0/0/0/0/0/0 Lore% 41 Gallery% 43 Achievement% 35 Wizard Run 0 Options --------- Layout 0 ASCII 0 Keyboard 0 Movement Mouse Keybinds 0 Fullscreen 1 Font 24/Smallcaps Map View 76x50 Zoom Use 0% Tactical HUD 0 Map Filters NONE Filters NONE Steam 1 RUN: d9c95081-5311-4be6-80a4-6df3f56241f5